 Dungeon Crawl Stone Soup version 0.16.1-11-g651b585 (webtiles) character file.

116 hulla the Changer (level 5, -7/33 HPs)
             Began as an Octopode Transmuter on Apr 5, 2015.
             Mangled by a mummy (17 damage)
             ... in an ossuary.
             The game lasted 00:10:47 (2781 turns).

hulla the Changer (Octopode Transmuter)             Turns: 2781, Time: 00:10:49

Health: -7/33      AC:  1    Str:  9    XL:     5   Next: 1%
Magic:  7/9        EV: 12    Int: 17    God:
Gold:   179        SH:  0    Dex: 12    Spells: 3 memorised, 2 levels left

rFire  . . .     SeeInvis .     h - +1 short sword (speed)
rCold  + . .     Clarity  .     (no shield)
rNeg   . . .     SustAb   .     (helmet restricted)
rPois  .         Gourm    .     (no amulet)
rElec  .         Spirit   .     m - ring of protection from cold (curse)
rCorr  .         Warding  .     (no ring)
rMut   .         Stasis   .     (no ring)
MR     .....                    (no ring)
Stlth  ++........               (no ring)
                                (no ring)
                                (no ring)
                                (no ring)

@: not resistant to hostile enchantments, unstealthy
A: almost no armour, amphibious, 8 rings, constrict 8, camouflage 1, gelatinous
body 1
a: no special abilities


You were in an ossuary.
You were not hungry.

You visited 1 branch of the dungeon, and saw 4 of its levels.
You also visited: Ossuary.

You collected 179 gold pieces.

Inventory:

Hand weapons
 a - a +0 hunting sling
 h - a +1 short sword of speed (weapon)
Missiles
 b - 25 arrows
 j - 37 stones (quivered)
Jewellery
 m - a cursed ring of protection from cold (left tentacle)
 n - an uncursed ring of ice
Scrolls
 c - a scroll of fog
 e - 4 scrolls of remove curse
 g - 2 scrolls of identify
 i - a scroll of noise
 p - a scroll of enchant weapon {unknown}
Potions
 o - a potion of berserk rage {unknown}
Books
 d - a book of Changes

   Spells                             Type                      Level
   a - Beastly Appendage              Transmutation                1
   b - Sticks to Snakes               Transmutation                2
   c - Spider Form                    Transmutation/Poison         3
   d - Ice Form                       Ice/Transmutation            4
   e - Blade Hands                    Transmutation                5
Comestibles
 f - a meat ration
 k - a chunk of flesh
 l - a bread ration


   Skills:
 - Level 1.0 Fighting
 + Level 2.4 Dodging
 - Level 3.0 Unarmed Combat
 - Level 2.0 Spellcasting
 + Level 4.7 Transmutations


You had 2 spell levels left.
You knew the following spells:

 Your Spells              Type           Power        Failure   Level  Hunger
a - Beastly Appendage     Trmt           ###...       2%          1    #......
b - Spider Form           Trmt/Pois      #.........   24%         3    ###....
c - Sticks to Snakes      Trmt           ###.......   4%          2    ###....


Dungeon Overview and Level Annotations

Branches:
Dungeon (4/15)
 Temple: D:4-7

Altars:

Annotations:
D:3 raikaria's ghost, average DrWz


Innate Abilities, Weirdness & Mutations

You cannot wear most types of armour.
You are amphibious.
You can wear up to eight rings at the same time.
You can use your tentacles to constrict many enemies at once.
Your skin changes colour to match your surroundings (Stealth).
Your rubbery body absorbs attacks (AC +1).


Message History

You have reached level 5!
You feel clever. The mummy misses you. x2
You barely miss the mummy. The mummy misses you.
You hit the mummy but do no damage. You hit the mummy but do no damage.
The mummy misses you. The mummy misses you.
You hit the mummy.
The mummy is lightly damaged.
You bite the mummy!
The mummy is heavily damaged.
The mummy completely misses you. The mummy misses you.
You bite the mummy!
The mummy is severely damaged.
You hit the mummy.
The mummy is almost destroyed.
Your transformation has ended.
Your +1 short sword of speed unmelds from your body.
Your tentacles tingle!
The mummy hits you! The mummy hits you!
Ouch! That really hurt!
You die...

#########
###.......#+#
##............
#..............
#.....∩.∩......
#......^.......
##.@M.........
###M......#+#
#########


You could see 2 mummies.

Vanquished Creatures
  A mummy (Ossuary)
  An adder (D:4)
  6 worms
  An ooze (D:3)
  An orc (D:3)
  4 ball pythons
  11 bats
  3 giant cockroaches
  3 hobgoblins
  2 jackals (D:2)
  5 kobolds
  A quokka (D:4)
  5 giant newts
  5 goblins
  12 rats
61 creatures vanquished.

Notes
Turn   | Place    | Note
--------------------------------------------------------------
     0 | D:1      | hulla, the Octopode Transmuter, began the quest for the Orb.
     0 | D:1      | Reached XP level 1. HP: 13/13 MP: 3/3
   241 | D:1      | Reached XP level 2. HP: 18/18 MP: 4/4
   500 | D:1      | Reached XP level 3. HP: 6/23 MP: 6/6
   505 | D:1      | Learned a level 3 spell: Spider Form
   508 | D:1      | Learned a level 2 spell: Sticks to Snakes
  1330 | D:2      | Reached skill level 4 in Transmutations
  1473 | D:2      | Reached XP level 4. HP: 28/28 MP: 7/7
  2462 | D:3      | Noticed raikaria's ghost (average DrWz)
  2670 | D:4      | Found a sand-covered staircase.
  2761 | Ossuary  | Entered an ossuary
  2773 | Ossuary  | Reached XP level 5. HP: 20/33 MP: 6/9
  2781 | Ossuary  | Mangled by a mummy

Action                   |  1- 3 |  4- 6 || total
-------------------------+-------+-------++-------
Melee: Unarmed           |    29 |    14 ||    43
       Short sword       |    60 |    59 ||   119
Throw: Stone             |     4 |     6 ||    10
 Cast: Beastly Appendage |     6 |     8 ||    14
       Spider Form       |       |     1 ||     1
  Use: Scroll            |     1 |     2 ||     3
 Stab: Sleeping          |     5 |     1 ||     6
       Distracted        |     1 |       ||     1
  Eat: Chunk             |     2 |     4 ||     6
